 Dungeon Crawl Stone Soup version 0.26-a0-1060-g086102a3f0 (webtiles) character file.

Game seed: 895493120416615706

72 stormannn the Stinger (level 4, -2/24 HPs)
             Began as a Gargoyle Venom Mage on Dec 13, 2020.
             Slain by an ogre
             ... wielding a +0 giant spiked club
              (26 damage)
             ... on level 4 of the Dungeon.
             The game lasted 00:06:39 (4244 turns).

stormannn the Stinger (Gargoyle Venom Mage)         Turns: 4244, Time: 00:06:39

Health: -2/24      AC:  6    Str: 12    XL:     4   Next: 25%
Magic:  5/7        EV: 12    Int: 16    God:
Gold:   176        SH:  0    Dex: 10    Spells: 6/7 levels left

rFire    x . .     SeeInvis .   f - +2 dagger (venom)
rCold    + . .     Faith    .   (no shield)
rNeg     + . .     Spirit   .   a - +0 robe
rPois    ∞         Reflect  .   (no helmet)
rElec    +         Harm     .   k - +0 cloak
rCorr    .         Rampage  .   (no gloves)
Will     .....                  (no boots)
Stlth    ++........             (no amulet)
HPRegen  0.08/turn              c - ring of ice
MPRegen  0.10/turn              j - ring of poison resistance

@: no status effects
A: negative energy resistance 1, electricity resistance, unbreathing,
petrification resistance, rot immunity, AC +3
a: no special abilities


You were on level 4 of the Dungeon.
You visited 1 branch of the dungeon, and saw 4 of its levels.

You collected 176 gold pieces.

Inventory:

Hand Weapons
 f - a +2 dagger of venom (weapon)
Missiles
 r - 7 javelins
Armour
 a - a +0 robe (worn)
 k - a +0 cloak (worn)
Jewellery
 c - a ring of ice (left hand)
 j - a ring of poison resistance (right hand)
 q - an uncursed ring of fire {unknown}
Scrolls
 g - 3 scrolls of remove curse {unknown}
 h - a scroll of immolation {unknown}
 l - a scroll of fog {unknown}
 m - a scroll of magic mapping {unknown}
 n - 2 scrolls of teleportation {unknown}
 p - a scroll of identify {unknown}
 v - a scroll of random uselessness {unknown}
Potions
 b - 2 potions of attraction {unknown}
 d - a potion of cancellation {unknown}
 e - 3 potions of heal wounds {unknown}
 i - a potion of flight {unknown}
 o - 2 potions of brilliance {unknown}
 s - 2 potions of lignification {unknown}
 t - 2 potions of curing {unknown}
 u - 2 potions of haste {unknown}


   Skills:
 * Level 2.4 Dodging
 + Level 2.9 Stealth
 + Level 2.4 Spellcasting
 + Level 1.3 Transmutations
 + Level 3.3 Poison Magic


You had 6 spell levels left.
You knew the following spells:

 Your Spells              Type           Power        Failure   Level
a - Sting                 Tmut/Pois      #...         8%          1

Your spell library contained the following spells:

 Spells                   Type           Power        Failure   Level
 Poisonous Vapours        Pois/Air       #.....       16%         2
 Ignite Poison            Fire/Tmut/Pois #.......     30%         3
 Mephitic Cloud           Conj/Pois/Air  #.......     36%         3
 Olgreb's Toxic Radiance  Pois           ##......     45%         4


Dungeon Overview and Level Annotations

Branches:
Dungeon (4/15)
 Temple: D:4-7

Altars:
Dithmenos
Fedhas
Gozag
Yredelemnul
Zin

Annotations:
D:3 3 runed translucent doors, Atlas's ghost, weakling DsMo


Innate Abilities, Weirdness & Mutations

You are resistant to torment.
Your stone body is resilient. (AC +3)
You are immune to poison.
You resist negative energy. (rN+)
You are resistant to electric shocks. (rElec)
You can survive without breathing.
You are immune to petrification.
You are immune to rotting.


Message History

An ogre comes into view. It is wielding a +0 giant spiked club.
The ogre shouts!
An ogre is nearby!
Casting: Sting (safe; 8% risk of failure)
Confirm with . or Enter, or press ? or * to list all spells.
Aiming: Sting (safe; 8% risk of failure)
Press: ? - help, Shift-Dir - straight line, f - ogre
Aim: an ogre, wielding a +0 giant spiked club (15% to evade)
The sting hits the ogre.
The ogre is poisoned.
The ogre is lightly wounded.
Casting: Sting (safe; 8% risk of failure)
Confirm with . or Enter, or press ? or * to list all spells.
Aiming: Sting (safe; 8% risk of failure)
Press: ? - help, Shift-Dir - straight line, f/p - ogre
Aim: an ogre, wielding a +0 giant spiked club (moderately wounded, poisoned, 15% to evade)
The sting hits the ogre.
The ogre looks even sicker.
The ogre is moderately wounded.
The ogre hits you with a +0 giant spiked club!!
Ouch! That really hurt!
You die...

## #. #.####
#.#..#
#.#..##
#.#...
##.#.########
#>...O@.....#
##.#.#....#.#
#.#.#..#.#.#
..#.#....#.#
#..#.#.#..#.#
##.#.#<...#.#
....####.#.#
#.... ..#.#
### ##


You could see an ogre (very poisoned).

Vanquished Creatures
  A gnoll (D:1)
  3 worms
  3 leopard geckos
  3 ball pythons
  A giant cockroach (D:1)
  6 goblins
  7 hobgoblins
  8 kobolds
  A quokka (D:3)
  5 bats (D:1)
  4 frilled lizards
  2 gnoll zombies (D:3)
  4 rats (D:1)
48 creatures vanquished.

Vanquished Creatures (others)
  2 fungi (D:3)
  2 plants (D:3)
4 creatures vanquished.

Grand Total: 52 creatures vanquished

Notes
Turn   | Place    | Note
-------+----------+-------------------------------------------
     0 | D:1      | stormannn the Gargoyle Venom Mage began the quest for the
                  | Orb.
     0 | D:1      | Reached XP level 1. HP: 10/10 MP: 3/3
   389 | D:1      | Reached XP level 2. HP: 14/15 MP: 0/5
   471 | D:1      | Reached skill level 1 in Transmutations
  1065 | D:1      | Reached XP level 3. HP: 11/19 MP: 3/6
  2090 | D:2      | Found a blossoming altar of Fedhas.
  2617 | D:2      | Found a glowing silver altar of Zin.
  3347 | D:3      | Reached XP level 4. HP: 24/24 MP: 3/7
  3429 | D:3      | Found an opulent altar of Gozag.
  3576 | D:3      | Found a runed translucent gate.
  3576 | D:3      | Found a runed translucent gate.
  3576 | D:3      | Found a runed translucent gate.
  3578 | D:3      | Identified the +8 short sword "Rak Woli" {venom, rN+ Str-5
                  | Int+3}
  3578 | D:3      | Noticed a big kobold
  3578 | D:3      | Noticed Atlas's ghost (weakling DsMo)
  3646 | D:3      | Found a shadowy altar of Dithmenos.
  4067 | D:3      | Found a basalt altar of Yredelemnul.
  4239 | D:4      | Noticed an ogre
  4244 | D:4      | Slain by an ogre

Illustrated notes

Levels and vault maps discovered:
D:1:      kennysheep_arrival_forest, layout_basic
D:2:      layout_basic, zin_academy, fedhas_altar_3
D:3:      layout_basic, lemuel_zombie_altar_yredelemnul, lemuel_doored_altar,
          gammafunk_ghost_nasty_kobolds, lemuel_tele_altar
D:4:      layout_basic, grunt_qazlal_clouds, lemuel_round_altar,
          biasface_ghost_orc_armoury, nemelex_lonely_heart_becter, uniq_duvessa

Skill      XL: |  1  2 |
---------------+-------+-----
Transmutations | 1 |  1.3
Dodging        | 2 |  2.4
Stealth        | |  2.9
Spellcasting   | |  2.4
Poison Magic   | |  3.3

Action                   |  1- 3 |  4- 6 || total
-------------------------+-------+-------++-------
Melee: Unarmed           |     8 |       ||     8
       Dagger            |    15 |    14 ||    29
 Cast: Sting             |    70 |    24 ||    94
 Stab: Sleeping          |       |     1 ||     1
Armor: Robe              |    10 |     1 ||    11
Dodge: Dodged            |    39 |     8 ||    47

Table legend: (Time is in decaauts)
 A = Elapsed time spent in this place.
 B = Non-inter-level travel time spent in this place.
 C = Inter-level travel time spent in this place.
 D = Time resting spent in this place.
 E = Time spent auto-exploring this place.
 F = Levels seen in this place.
 G = Mean time per level.
                   A        B        C        D        E       F      G
               +--------+--------+--------+--------+--------+-----+--------+
         Total |   4241 |   4120 |    121 |   1499 |   2166 |   4 | 1060.2 |
       Dungeon |   4241 |   4120 |    121 |   1499 |   2166 |   4 | 1060.2 |
               +--------+--------+--------+--------+--------+-----+--------+

Top non-repeatable levels by time:
     D:1: 1802 daAuts
     D:2: 1231 daAuts
     D:3: 1189 daAuts
     D:4: 17 daAuts
